| TOP OF THE 1ST |
|
Houston Astros batting - Pitching for San Diego Padres : RHP Brian Allard
|
|
Pitching: RHP Brian Allard
|
|
|
Batting: RHB Julio Franco
|
0-0: Ball 1-0: SINGLE (Line Drive, 9S, EV 87.5 MPH)
|
|
Batting: LHB Jose Cruz
|
0-0: Called Strike 0-1: Ball 1-1: Ball 2-1: TRIPLE (Line Drive, 9LD, EV 105.0 MPH) Julio Franco scores
|
|
Batting: RHB John Castino
|
0-0: Fly out, F7 (Flyball, 7S, EV 91.9 MPH)
|
|
Batting: LHB Steve Kemp
|
0-0: Called Strike 0-1: Ball 1-1: Ball 2-1: Fly out, F9 (Flyball, 9D, EV 100.6 MPH) Runner from 3rd tags up, SCORES, no throw by RF
|
|
Batting: SHB Christopher Clark
|
0-0: Ball 1-0: Called Strike 1-1: Ball 2-1: Fly out, F7 (Flyball, 78S, EV 94.4 MPH)
|
| Top of the 1st over - 2 runs, 2 hits, 0 errors, 0 left on base; Houston 2 - San Diego 0 |
| BOTTOM OF THE 1ST |
|
San Diego Padres batting - Pitching for Houston Astros : RHP Ramon Molina
|
|
Pitching: RHP Ramon Molina
|
|
|
Batting: RHB Bob Dernier
|
0-0: Foul Ball, location: 2F 0-1: Ball 1-1: Bunt missed! 1-2: Fly out, F8 (Flyball, 89S, EV 81.9 MPH)
|
|
Batting: LHB Jerry McDonald
|
0-0: Ball 1-0: Foul Ball, location: 2F 1-1: Ball 2-1: Ground out 6-3 (Groundball, 6M, EV 104.4 MPH)
|
|
Batting: LHB Tom Dunbar
|
0-0: Foul Ball, location: 2F 0-1: SINGLE (Line Drive, 6D, EV 95.0 MPH)
|
|
Batting: RHB Dennis Dungy
|
0-0: Ball 1-0: Ball Tom Dunbar is caught stealing 2nd base 2-4
|
| Bottom of the 1st over - 0 runs, 1 hit, 0 errors, 0 left on base; Houston 2 - San Diego 0 |
| TOP OF THE 2ND |
|
Houston Astros batting - Pitching for San Diego Padres : RHP Brian Allard
|
|
Batting: RHB Zail Smith
|
0-0: Fly out, F8 (Flyball, 8LD, EV 79.4 MPH)
|
|
Batting: SHB Tom Herr
|
0-0: Called Strike 0-1: SINGLE (Groundball, 25, EV 68.8 MPH) (infield hit)
|
|
Batting: RHB Dave Valle
|
0-0: Called Strike 0-1: Ball 1-1: Ball 2-1: Ball 3-1: Fly out, F4 (Line Drive, 4, EV 68.1 MPH)
|
|
Batting: SHB Ramon Molina
|
0-0: Swinging Strike 0-1: Ball 1-1: Ball 2-1: Ball 3-1: Foul Ball, location: 2F 3-2: Strikes out swinging
|
| Top of the 2nd over - 0 runs, 1 hit, 0 errors, 1 left on base; Houston 2 - San Diego 0 |
| BOTTOM OF THE 2ND |
|
San Diego Padres batting - Pitching for Houston Astros : RHP Ramon Molina
|
|
Batting: RHB Dennis Dungy
|
0-0: Ball 1-0: Ball 2-0: Called Strike 2-1: Ball 3-1: Base on Balls
|
|
Batting: LHB Darrell Porter
|
0-0: Reached on error, E4 (Groundball, 4, EV 81.9 MPH) Dennis Dungy to second
|
|
Batting: RHB Heriberto Soltero
|
0-0: DOUBLE (Groundball, 5L, EV 103.1 MPH) Dennis Dungy scores Darrell Porter to third Runner from 3rd tries for Home, SAFE, throw by LF to home
|
|
Batting: RHB Mike Calise
|
0-0: Swinging Strike 0-1: Ball 1-1: Ground out 4-3 (Groundball, 4, EV 86.9 MPH) Heriberto Soltero to third
|
|
Batting: LHB Jeffrey Zitek
|
0-0: Ball 1-0: Ball 2-0: Ball 3-0: Base on Balls
|
|
Batting: RHB Brian Allard
|
0-0: Fielders Choice at 2nd, 4-6 (Groundball, 4M, EV 76.9 MPH) Heriberto Soltero scores
|
|
Batting: RHB Bob Dernier
|
0-0: Ball 1-0: Foul Ball, location: 2F 1-1: Ball 2-1: Foul Ball, location: 2F 2-2: Fielders Choice at 2nd, U6 (Groundball, 6M, EV 78.8 MPH)
|
| Bottom of the 2nd over - 3 runs, 1 hit, 1 error, 1 left on base; Houston 2 - San Diego 3 |
| TOP OF THE 3RD |
|
Houston Astros batting - Pitching for San Diego Padres : RHP Brian Allard
|
|
Batting: RHB Julio Franco
|
0-0: Ball 1-0: SINGLE (Groundball, 6S, EV 66.9 MPH) (infield hit)
|
|
Batting: LHB Jose Cruz
|
0-0: Ball Wild Pitch! Julio Franco to second 1-0: Called Strike 1-1: Ball 2-1: Swinging Strike 2-2: Strikes out swinging
|
|
Batting: RHB John Castino
|
0-0: Ball 1-0: Called Strike 1-1: Ball 2-1: Called Strike 2-2: Ball 3-2: Ground out 5-3 (Groundball, 56, EV 88.1 MPH)
|
|
Batting: LHB Steve Kemp
|
0-0: Called Strike 0-1: Foul Ball, location: 2F 0-2: Ball 1-2: Foul Ball, location: 2F 1-2: Ball 2-2: Fly out, F9 (Line Drive, 9D, EV 94.4 MPH)
|
| Top of the 3rd over - 0 runs, 1 hit, 0 errors, 1 left on base; Houston 2 - San Diego 3 |
| BOTTOM OF THE 3RD |
|
San Diego Padres batting - Pitching for Houston Astros : RHP Ramon Molina
|
|
Batting: LHB Jerry McDonald
|
0-0: Called Strike 0-1: Swinging Strike 0-2: Ball 1-2: Ground out 1-3 (Groundball, 13S, EV 75.0 MPH)
|
|
Batting: LHB Tom Dunbar
|
0-0: Foul Ball, location: 2F 0-1: Called Strike 0-2: Ball 1-2: Ground out 1-3 (Groundball, 15S, EV 61.3 MPH)
|
|
Batting: RHB Dennis Dungy
|
0-0: SINGLE (Groundball, 56D, EV 96.9 MPH)
|
|
Batting: LHB Darrell Porter
|
0-0: Ball 1-0: Ball 2-0: SINGLE (Groundball, 4MD, EV 98.8 MPH) Dennis Dungy to second Runner from 2nd tries for 3rd, SAFE, throw by CF made to third
|
|
Batting: RHB Heriberto Soltero
|
0-0: Ball 1-0: Ball 2-0: Called Strike 2-1: Ball 3-1: Called Strike 3-2: SINGLE (Line Drive, 4MD, EV 105.0 MPH) Dennis Dungy scores Darrell Porter to second Darrell Porter to third
|
|
Batting: RHB Mike Calise
|
0-0: Ground out 4-3 (Groundball, 4, EV 83.8 MPH)
|
| Bottom of the 3rd over - 1 run, 3 hits, 0 errors, 2 left on base; Houston 2 - San Diego 4 |
| TOP OF THE 4TH |
|
Houston Astros batting - Pitching for San Diego Padres : RHP Brian Allard
|
|
Batting: SHB Christopher Clark
|
0-0: Fly out, F8 (Line Drive, 8RM, EV 98.1 MPH)
|
|
Batting: RHB Zail Smith
|
0-0: Foul Ball, location: 2F 0-1: SINGLE (Groundball, 5S, EV 65.6 MPH) (infield hit)
|
|
Batting: SHB Tom Herr
|
0-0: Fly out, F7 (Flyball, 78D, EV 84.4 MPH) Runner from 1st tags up, SAFE at 2nd
|
|
Batting: RHB Dave Valle
|
0-0: Ball 1-0: Ball 2-0: Reached on error, E6 (Groundball, 6, EV 86.9 MPH) Zail Smith to third
|
|
Batting: SHB Ramon Molina
|
0-0: SINGLE (Groundball, 34D, EV 101.9 MPH) Zail Smith scores Dave Valle to second Runner from 2nd tries for 3rd, SAFE, throw by RF made to third
|
|
Batting: RHB Julio Franco
|
0-0: Fly out, F7 (Line Drive, 7D, EV 107.5 MPH)
|
| Top of the 4th over - 1 run, 2 hits, 1 error, 2 left on base; Houston 3 - San Diego 4 |
| BOTTOM OF THE 4TH |
|
San Diego Padres batting - Pitching for Houston Astros : RHP Ramon Molina
|
|
Batting: LHB Jeffrey Zitek
|
0-0: Ball 1-0: Called Strike 1-1: Fly out, F7 (Flyball, 7LM, EV 93.1 MPH)
|
|
Batting: RHB Brian Allard
|
0-0: Fly out, F7 (Flyball, 7D, EV 88.1 MPH)
|
|
Batting: RHB Bob Dernier
|
0-0: Ball 1-0: Ball 2-0: Ball 3-0: Base on Balls
|
|
Batting: LHB Jerry McDonald
|
0-0: Ball 1-0: Fly out, F8 (Flyball, 78M, EV 81.3 MPH)
|
| Bottom of the 4th over - 0 runs, 0 hits, 0 errors, 1 left on base; Houston 3 - San Diego 4 |
| TOP OF THE 5TH |
|
Houston Astros batting - Pitching for San Diego Padres : RHP Brian Allard
|
|
Batting: LHB Jose Cruz
|
0-0: Ball 1-0: Called Strike 1-1: Ball 2-1: Fly out, F7 (Flyball, 7S, EV 75.0 MPH)
|
|
Batting: RHB John Castino
|
0-0: Swinging Strike 0-1: Ground out 6-3 (Groundball, 6, EV 87.5 MPH)
|
|
Batting: LHB Steve Kemp
|
0-0: Ball 1-0: Fly out, F7 (Line Drive, 7, EV 97.5 MPH)
|
| Top of the 5th over - 0 runs, 0 hits, 0 errors, 0 left on base; Houston 3 - San Diego 4 |
| BOTTOM OF THE 5TH |
|
San Diego Padres batting - Pitching for Houston Astros : RHP Ramon Molina
|
|
Batting: LHB Tom Dunbar
|
0-0: Ball 1-0: Ball 2-0: Foul Ball, location: 2F 2-1: Called Strike 2-2: Strikes out looking
|
|
Batting: RHB Dennis Dungy
|
0-0: Ball 1-0: Ball 2-0: Swinging Strike 2-1: Swinging Strike 2-2: Ball 3-2: SINGLE (Groundball, 4MD, EV 108.8 MPH)
|
|
Batting: LHB Darrell Porter
|
0-0: Ball 1-0: Foul Ball, location: 2F 1-1: Ball 2-1: Called Strike 2-2: Strikes out swinging
|
|
Batting: RHB Heriberto Soltero
|
0-0: Called Strike 0-1: Fly out, F3 (Popup, 23F, EV 81.3 MPH)
|
| Bottom of the 5th over - 0 runs, 1 hit, 0 errors, 1 left on base; Houston 3 - San Diego 4 |
| TOP OF THE 6TH |
|
Houston Astros batting - Pitching for San Diego Padres : RHP Brian Allard
|
|
Batting: SHB Christopher Clark
|
0-0: Called Strike 0-1: Swinging Strike 0-2: Strikes out looking
|
|
Batting: RHB Zail Smith
|
0-0: Ball 1-0: Ball 2-0: Ball 3-0: Called Strike 3-1: Ground out U3 (Groundball, 34, EV 108.8 MPH)
|
|
Batting: SHB Tom Herr
|
0-0: Foul Ball, location: 2F 0-1: Ball 1-1: Fly out, F7 (Flyball, 78M, EV 86.9 MPH)
|
| Top of the 6th over - 0 runs, 0 hits, 0 errors, 0 left on base; Houston 3 - San Diego 4 |
| BOTTOM OF THE 6TH |
|
San Diego Padres batting - Pitching for Houston Astros : RHP Ramon Molina
|
|
Batting: RHB Mike Calise
|
0-0: Called Strike 0-1: Ball 1-1: Called Strike 1-2: Ball 2-2: Strikes out swinging, 2-3 out at first.
|
|
Batting: LHB Jeffrey Zitek
|
0-0: Fly out, F8 (Flyball, 8RXD, EV 92.5 MPH)
|
|
Batting: RHB Brian Allard
|
0-0: Swinging Strike 0-1: Ball 1-1: Swinging Strike 1-2: Ball 2-2: Fly out, F3 (Popup, 3SF, EV 80.0 MPH)
|
| Bottom of the 6th over - 0 runs, 0 hits, 0 errors, 0 left on base; Houston 3 - San Diego 4 |
| TOP OF THE 7TH |
|
Houston Astros batting - Pitching for San Diego Padres : RHP Brian Allard
|
|
Batting: RHB Dave Valle
|
0-0: Called Strike 0-1: Ball 1-1: Ground out 6-3 (Groundball, 6, EV 86.3 MPH)
|
|
Batting: SHB Ramon Molina
|
0-0: Called Strike 0-1: Ball 1-1: Ground out 4-3 (Groundball, 4, EV 100.0 MPH)
|
|
Batting: RHB Julio Franco
|
0-0: Called Strike 0-1: Ball 1-1: Fly out, F6 (Popup, 6MS, EV 78.1 MPH)
|
| Top of the 7th over - 0 runs, 0 hits, 0 errors, 0 left on base; Houston 3 - San Diego 4 |
| BOTTOM OF THE 7TH |
|
San Diego Padres batting - Pitching for Houston Astros : RHP Ramon Molina
|
|
Batting: RHB Bob Dernier
|
0-0: Called Strike 0-1: Ball 1-1: Fly out, F8 (Line Drive, 8RM, EV 86.3 MPH)
|
|
Batting: LHB Jerry McDonald
|
0-0: Foul Ball, location: 2F 0-1: Called Strike 0-2: Ball 1-2: Ground out 4-3 (Groundball, 34D, EV 105.0 MPH)
|
|
Batting: LHB Tom Dunbar
|
0-0: Ball 1-0: Called Strike 1-1: SINGLE (Groundball, 25, EV 68.1 MPH) (infield hit)
|
|
Batting: RHB Dennis Dungy
|
0-0: Ball Tom Dunbar steals 2nd base 1-0: Swinging Strike 1-1: Swinging Strike 1-2: SINGLE (Line Drive, 5D, EV 105.0 MPH) Tom Dunbar to third Runner from 3rd tries for Home, SAFE, throw by LF to home
|
|
Batting: LHB Darrell Porter
|
0-0: Ball 1-0: Ball 2-0: DOUBLE (Line Drive, 78D, EV 105.0 MPH) Dennis Dungy to third Runner from 3rd tries for Home, SAFE, no throw by LF
|
|
Pitching: RHP Reggie Cleveland
|
|
|
Pinch Runner at 2nd Chris Chambliss:
|
|
|
Batting: RHB Heriberto Soltero
|
0-0: Swinging Strike 0-1: Ball 1-1: Ball 2-1: Ground out 6-3 (Groundball, 6MD, EV 101.3 MPH)
|
| Bottom of the 7th over - 2 runs, 3 hits, 0 errors, 1 left on base; Houston 3 - San Diego 6 |
| TOP OF THE 8TH |
|
Houston Astros batting - Pitching for San Diego Padres : RHP Brian Allard
|
|
Now at C: Nicky Richards
|
|
|
Batting: LHB Jose Cruz
|
0-0: Foul Ball, location: 2F 0-1: Swinging Strike 0-2: Ball 1-2: Ground out U3 (Groundball, 3L, EV 109.4 MPH)
|
|
Batting: RHB John Castino
|
0-0: Called Strike 0-1: Fly out, F3 (Flyball, 3D, EV 87.5 MPH)
|
|
Batting: LHB Steve Kemp
|
0-0: DOUBLE (Line Drive, 89M, EV 93.8 MPH)
|
|
Batting: SHB Christopher Clark
|
0-0: Fly out, F8 (Flyball, 78M, EV 85.0 MPH)
|
| Top of the 8th over - 0 runs, 1 hit, 0 errors, 1 left on base; Houston 3 - San Diego 6 |
| BOTTOM OF THE 8TH |
|
San Diego Padres batting - Pitching for Houston Astros : RHP Reggie Cleveland
|
|
Batting: RHB Mike Calise
|
0-0: Ball 1-0: Foul Ball, location: 2F 1-1: Swinging Strike 1-2: Ground out 5-3 (Groundball, 56, EV 106.9 MPH)
|
|
Batting: LHB Jeffrey Zitek
|
0-0: Ball 1-0: Called Strike 1-1: Ground out 6-3 (Groundball, 6M, EV 78.1 MPH)
|
|
Batting: RHB Brian Allard
|
0-0: Foul Ball, location: 2F 0-1: Ground out 5-3 (Groundball, 5, EV 83.1 MPH)
|
| Bottom of the 8th over - 0 runs, 0 hits, 0 errors, 0 left on base; Houston 3 - San Diego 6 |
| TOP OF THE 9TH |
|
Houston Astros batting - Pitching for San Diego Padres : RHP Brian Allard
|
|
Batting: RHB Zail Smith
|
0-0: Ball 1-0: Ball 2-0: Called Strike 2-1: Ground out 6-3 (Groundball, 6, EV 102.5 MPH)
|
|
Batting: SHB Tom Herr
|
0-0: Ball 1-0: Ball 2-0: Foul Ball, location: 2F 2-1: Called Strike 2-2: Strikes out swinging
|
|
Batting: RHB Dave Valle
|
0-0: Called Strike 0-1: Ball 1-1: Called Strike 1-2: Ball 2-2: Foul Ball, location: 2F 2-2: Ball 3-2: Fly out, F8 (Line Drive, 8LD, EV 85.6 MPH)
|
| Top of the 9th over - 0 runs, 0 hits, 0 errors, 0 left on base; Houston 3 - San Diego 6 |
|